Map: Abiogenesis LE

Players

Infamous - Winner!

  • Race: Protoss Protoss
  • League: Silver
  • Spawn Location: 11:00

RedPyro

  • Race: Terran Terran
  • Spawn Location: 5:00

VOD

Have the link to the VOD?

Description

Time

  • Played on: March 17, 2018, 5:37 p.m.
  • Length: 10:41
Show
View Real Time Build Order
Export as new Build Order

Infamous Protoss - Winner!

Build Orders:  

Get SALT Encoding   

  12  0:04  Probe  
  13  0:16  Probe  
  14  0:22  Pylon  
  14  0:29  Probe  
  15  0:47  Gateway  
  15  0:55  Probe (Chrono Boost)  
  16  1:00  Assimilator  
  16  1:07  Probe (Chrono Boost)  
  17  1:34  Cybernetics Core  
  17  1:43  Assimilator  
  17  1:58  Zealot  
  19  2:05  Warp Gate (Chrono Boost)  
  19  2:07  Pylon  
  19  2:14  Probe  
  20  2:29  Robotics Facility  
  20  2:40  Probe  
  21  2:48  Pylon, Assimilator  
  21  2:57  Gateway  
  21  2:58  Gateway  
  20  3:15  Probe  
  20  3:18  Observer (Chrono Boost)  
  22  3:33  Probe  
  23  3:36  Nexus  
  23  3:39  Pylon  
  23  3:40  Pylon  
  23  4:03  Gateway x2  
  23  4:06  Gateway  
  23  4:11  Stalker x2  
  23  4:15  Adept  
  29  4:29  Probe  
  30  4:35  Forge  
  30  4:42  Probe  
  31  4:56  Probe  
  31  4:58  Probe  
  33  5:02  Stalker x2  
  33  5:04  Sentry  
  39  5:09  Probe  
  39  5:11  Probe  
  41  5:21  Probe  
  41  5:23  Probe  
  40  5:33  Probe  
  41  5:35  Shield Battery  
  41  5:40  Probe  
  42  5:43  Protoss Ground Weapons Level 1 (Chrono Boost)  
  42  5:45  Probe  
  42  5:49  Zealot  
  45  5:53  Probe  
  46  6:01  Assimilator  
  44  6:04  Assimilator  
  44  6:15  Pylon  
  44  6:19  Pylon, Zealot x3  
  44  6:24  Pylon  
  50  6:31  Zealot  
  50  6:32  Zealot x2  
  56  6:42  Photon Cannon  
  53  7:08  Shield Battery  
  53  7:09  Pylon  
  53  7:12  Zealot x2  
  53  7:13  Zealot x3  
  63  7:29  Probe x2  
  62  8:12  Stalker x2  
  66  8:21  Sentry x3  
  66  8:22  Stalker  
  74  8:41  Immortal  
  78  8:52  Zealot x5  
  88  9:04  Twilight Council  
  88  9:10  Probe  
  87  10:02  Probe x2  
Show
View Real Time Build Order
Export as new Build Order

RedPyro Terran 

Build Orders:  

Get SALT Encoding   

  12  0:13  Supply Depot  
  12  0:16  SCV  
  13  0:28  SCV  
  14  0:40  SCV  
  14  0:41  Barracks  
  15  0:47  Supply Depot  
  15  0:53  SCV  
  16  1:20  Supply Depot  
  16  1:45  Refinery  
  16  1:48  SCV  
  17  2:00  SCV  
  18  2:02  Supply Depot  
  18  2:12  SCV  
  19  2:24  SCV  
  20  2:36  SCV  
  21  2:42  Refinery  
  21  2:47  Marine  
  21  2:48  SCV  
  23  3:00  SCV  
  23  3:05  Marine  
  25  3:13  SCV  
  26  3:23  Marine  
  26  3:25  SCV  
  28  3:35  Supply Depot  
  28  3:37  SCV  
  30  3:41  Reaper  
  30  3:49  SCV  
  30  3:55  Barracks  
  31  4:12  Refinery  
  31  4:13  Reaper  
  32  4:24  SCV  
  33  4:36  SCV  
  32  4:45  Reaper x2  
  33  4:48  SCV  
  34  5:00  SCV  
  35  5:17  Reaper x2  
  35  5:49  Reaper x2  
  37  5:55  Command Center  
  37  6:21  Reaper x2  
  37  7:27  SCV  
  38  7:36  Refinery  
  38  7:37  Reaper  
  38  7:39  Reaper, SCV  
  41  7:51  SCV  
  42  8:03  SCV  
  42  8:09  Reaper  
  42  8:11  Reaper  
  41  8:15  SCV  
  42  8:41  Reaper  
  42  8:42  Barracks  
  42  8:43  Reaper  
  41  9:14  Reaper  
  41  9:15  Reaper  
Tags
 
League
Silver
Matchup
PvT
Replay Pack
Last Remnant (2)
Spawn Locations
Cross Positions
Add a new tag
Caveats
  • Supply blocks, unpowered buildings, or Contaminate may cause inaccurate times.
  • Supply counts are checked every 10 seconds.